 Dungeon Crawl Stone Soup version 0.29.1 (webtiles) character file.

Game seed: 2932607775457433877

101161 funnyparkerb the Fencer (level 16, -4/138 HPs)
             Began as a Formicid Monk on Sept 14, 2022.
             Was a High Priest of Okawaru.
             Slain by an alligator (15 damage)
             ... on level 1 of the Swamp.
             The game lasted 01:20:28 (31110 turns).

funnyparkerb the Fencer (Formicid Monk)            Turns: 31110, Time: 01:20:29

Health: -4/138     AC: 18    Str: 20    XL:     16   Next: 81%
Magic:  18/22      EV: 18    Int: 21    God:    Okawaru [*****.]
Gold:   841        SH: 15    Dex: 30    Spells: 15/15 levels left

rFire   + . .      SeeInvis +   a - +2 triple sword (holy)
rCold   . . .      Faith    .   o - +1 kite shield {reflect}
rNeg    . . .      Spirit   .   U - +6 chain mail "Terr" {rPois Int+7}
rPois   +          Reflect  +   (helmet unavailable)
rElec   +          Harm     .   k - +0 cloak
rCorr   .          Rampage  .   P - +0 pair of gloves of the Secret Demons {rF+ Str-2 Int+2 Dex+4}
Will    +....                   q - +1 pair of boots
Stlth   ..........              w - amulet of regeneration
HPRegen 1.13/turn               l - ring of Inwelis {rElec Str+6 Dex+4 SInv}
MPRegen 0.18/turn               t - ring of poison resistance

@: mighty, finesse-ful
A: permanent stasis, dig shafts and tunnels, antennae 3, four strong arms
a: Dig, Shaft Self, Renounce Religion, Heroism, Finesse, Duel


You were on level 1 of the Swamp.
You worshipped Okawaru.
Okawaru was extremely pleased with you.
You visited 5 branches of the dungeon, and saw 25 of its levels.
You visited the Abyss 1 time.

You collected 3132 gold pieces.
You spent 2291 gold pieces at shops.

Inventory:

Hand Weapons
 a - a +2 triple sword of holy wrath (weapon)
 O - a +0 great sword of flaming
Missiles
 e - an atropa-tipped dart
 i - 47 poisoned darts
 u - 17 boomerangs (quivered)
 I - 2 throwing nets
 S - 3 silver boomerangs
Armour
 b - the +5 ring mail "Faucw" {rF- rC+ rN+ rCorr}
   (You found it on level 2 of the Dungeon)

   rF:        It makes you vulnerable to fire.
   rC:        It protects you from cold.
   rN:        It protects you from negative energy.
   rCorr:     It protects you from acid and corrosion.
 k - a +0 cloak (worn)
 o - a +1 kite shield of reflection (worn)
 q - a +1 pair of boots (worn)
 P - the +0 pair of gloves of the Secret Demons (worn) {rF+ Str-2 Int+2 Dex+4}
   (Okawaru gifted it to you on level 3 of the Lair of Beasts)

   Str:       It affects your strength (-2).
   Int:       It affects your intelligence (+2).
   Dex:       It affects your dexterity (+4).
   rF:        It protects you from fire.
 U - the +6 chain mail "Terr" (worn) {rPois Int+7}
   (You bought it in a shop on level 2 of the Orcish Mines)

   Int:       It affects your intelligence (+7).
   rPois:     It protects you from poison.
Jewellery
 d - a +6 ring of strength
 l - the ring of Inwelis (left hand) {rElec Str+6 Dex+4 SInv}
   (You bought it in a shop on level 2 of the Orcish Mines)

   [ring of strength]

   Str:       It affects your strength (+6).
   Dex:       It affects your dexterity (+4).
   rElec:     It insulates you from electricity.
   SInv:      It lets you see invisible.
 t - a ring of poison resistance (right hand)
 w - an amulet of regeneration (around neck)
 C - a +4 ring of evasion
 J - a ring of willpower
Wands
 A - a wand of mindburst (4)
 E - a wand of flame (23)
 L - a wand of digging (2)
Scrolls
 c - a scroll of summoning
 f - 2 scrolls of magic mapping
 g - 2 scrolls of fear
 m - 2 scrolls of poison
 p - 3 scrolls of noise
 s - 3 scrolls of silence
 v - a scroll of butterflies
 x - a scroll of enchant weapon
 K - a scroll of acquirement
 N - 10 scrolls of identify
Potions
 h - 2 potions of magic
 j - 4 potions of curing
 n - a potion of resistance
 r - 8 potions of mutation
 z - 4 potions of brilliance
 B - a potion of flight
 D - 5 potions of attraction
 F - a potion of degeneration {unknown}
 G - 5 potions of might


   Skills:
 + Level 15.8 Fighting
 * Level 18.2 Long Blades
 + Level 14.0 Dodging
 - Level 2.4 Stealth
 - Level 9.0 Shields
 - Level 8.0 Invocations


You had 15 spell levels left.
You didn't know any spells.
Your spell library contained the following spells:

 Spells                   Type           Power      Damage    Failure   Level
 Shock                    Conj/Air       0%         1d3       99%         1
 Ensorcelled Hibernation  Hex/Ice        0%         N/A       100%        2
 Lesser Beckoning         Tloc           0%         N/A       100%        3
 Portal Projectile        Hex/Tloc       0%         N/A       100%        3
 Spider Form              Tmut/Pois      0%         N/A       100%        3
 Airstrike                Air            0%         2d(0-16)  100%        4
 Anguish                  Hex/Necr       0%         N/A       100%        4
 Fulminant Prism          Conj/Hex       0%         3d6       100%        4
 Iskenderun's Mystic Bla  Conj/Tloc      0%         2d3       100%        4
 Olgreb's Toxic Radiance  Pois           0%         N/A       100%        4
 Blade Hands              Tmut           0%         N/A       100%        5
 Lee's Rapid Deconstruct  Erth           0%         3d5*      100%        5
 Manifold Assault         Tloc           0%         N/A       100%        5
 Eringya's Noxious Bog    Tmut/Pois      0%         N/A       100%        6
 Ozocubu's Refrigeration  Ice            0%         4d7       100%        7
 Ignition                 Fire           0%         3d3       100%        8
 Blink                    Tloc           Unusable   N/A       N/A         2
 Swiftness                Air            Unusable   N/A       N/A         3
 Tukima's Dance           Hex            Unusable   N/A       N/A         3
 Summon Forest            Summ/Tloc      Unusable   N/A       N/A         5
 Summon Hydra             Summ           Unusable   N/A       N/A         7

Dungeon Overview and Level Annotations

Branches:
Dungeon (15/15)            Temple (1/1) D:6            Lair (5/5) D:11
  Swamp (2/4) Lair:2       Spider (0/4) Lair:3        Slime (0/5) Lair:5
    Orc (2/2) D:9             Elf (0/3) Orc:2        Vaults (0/5) D:14
 Depths (0/4) D:15

Altars:
Ashenzari
Cheibriados
Dithmenos
Elyvilon
Fedhas
Gozag
Hepliaklqana
Kikubaaqudgha
Makhleb
Nemelex Xobeh
Okawaru
Qazlal
Ru
Sif Muna
Trog
Uskayaw
Vehumet
Wu Jian
Xom
Yredelemnul
Zin
The Shining One
Jiyva

Shops:
D:8 :   D:14 =(:   D:15 [   Orc:2 [!!==[(

Portals:
Abyss: Swamp:1

Annotations:
D:5 3 runed translucent doors, 4 exclusions, RascalDebosk's ghost, novice MiFi; Sigmund
D:9 1 runed translucent door, 1 exclusion, nshep25's ghost, novice DrCj
D:14 1 runed translucent door
Lair:4 2 transporters, Kyusiynim's ghost, journeyman GnEn
Lair:5 1 runed translucent door, exclusion: obsidian statue
Swamp:1 1 transporter, Silenth's ghost, adept KoHu


Innate Abilities, Weirdness & Mutations

You cannot be hasted, slowed, berserked, paralysed or teleported.
You can dig through walls and to a lower floor.
You have a pair of large antennae on your head. (SInv)
Your four strong arms can wield two-handed weapons with a shield.


Message History

* * * LOW HITPOINT WARNING * * *
You block the spriggan rider's attack.
You slash the alligator!
The alligator is moderately wounded.
The alligator barely misses you. You block the alligator's attack.
You closely miss the alligator.
The alligator is moderately wounded.
You block the spriggan rider's attack.
You feel better. You block the alligator's attack.
The alligator closely misses you.
The eleionoma hits you but does no damage.
You block the spriggan rider's attack.
You closely miss the eleionoma. The alligator misses you.
You block the alligator's attack.
You slice the eleionoma!!
The eleionoma is moderately wounded.
The eleionoma hits you.
* * * LOW HITPOINT WARNING * * *
You block the spriggan rider's attack.
The alligator puts on a burst of speed!
You chop the eleionoma into pieces!!!
The eleionoma is almost dead.
You slice the eleionoma!!
You kill the eleionoma!
Okawaru accepts your kill.
An eleionoma bone magically twists into a jewelled copper wand.
You block the alligator's attack.
The alligator tail-slaps you but does no damage.
The spriggan rider barely misses you.
You slash the alligator!
The alligator is heavily wounded.
The alligator bites you!!
* * * LOW HITPOINT WARNING * * *
The alligator tail-slaps you but does no damage.
You barely miss the alligator.
The alligator is heavily wounded.
The spriggan rider closely misses you.
You closely miss the alligator.
The alligator is heavily wounded.
The alligator bites you!
You die...

♣~~....# ..# ♣♣...†.#..##
♣♣♣♣..#...# ..♣ ♣♣♣~~♣..÷#
##..♣ ♣♣...~.>..## ##....
♣.~~~~§....###+#.....
♣♣♣♣.§~~~~......[.......
♣♣~♣♣♣~.~t~~~.......~~.~~
♣~..~~~/@†i~~....~~...~~~
♣♣.......~~~~§~~.~.~...i~~
♣.~~~~....~§~.~~§§~.~>tt~~
♣.~~~~~~~§~♣♣...♣♣♣♣♣♣♣...
♣~~~~~.~~~♣♣..............
♣♣♣♣♣♣...~♣♣..............
♣♣...~.~...###.......#
♣..~~~.~..##{###...###
♣.~~~~.~..# #.©##


G You could see an alligator (swift) and a spriggan rider.

Vanquished Creatures
  Rupert (Lair:3)
  Gastronok (D:11)
  5 slime creatures
  An eleionoma (Swamp:1)
  4 dire elephants (Lair:5)
  The ghost of Tsarbomb the Cleaver, a journeyman MfMo of Nemelex Xobeh (Orc:2)
  Josephine (D:12)
  A fire dragon (D:14)
  Fannar (D:11)
  Erolcha (Orc:2)
  A catoblepas (D:14)
  10 hydras
  4 two-headed ogres
  A boulder beetle (D:11)
  5 centaur warriors
  A dancing weapon (Orc:2)
  An ogre mage (Orc:2)
  2 tengu warriors
  Erica (Orc:1)
  A vampire mage (D:15)
  4 alligators
  2 death yaks (Lair:5)
  9 skeletal warriors
  A spectral anaconda (Lair:5)
  2 goliath frogs (Swamp:1)
  2 bog bodies
  2 shadow dragon zombies (D:15)
  4 orc knights
  5 necromancers
  4 deep elf pyromancers
  8 cyclopes
  11 orc sorcerers
  A fire giant zombie (D:15)
  14 ugly things
  10 elephants
  2 manticores
  Maurice (D:13)
  A dire elephant zombie (Lair:5)
  4 black mambas
  A torpor snail (Lair:5)
  Maggie (D:7)
  A cane toad (shapeshifter) (D:14)
  12 cane toads
  2 yaktaurs (shapeshifter)
  9 komodo dragons
  2 rime drakes
  A tengu conjurer (D:14)
  A freezing wraith (D:14)
  8 trolls
  2 tyrant leeches (Swamp:1)
  5 polar bears
  A hornet (D:9)
  Prince Ribbit (D:7)
  20 blink frogs
  2 dream sheep (Lair:5)
  2 jumping spiders (Lair:3)
  A culicivora (Lair:3)
  3 wyverns
  2 shadows
  4 basilisks
  54 yaks
  7 wraiths
  A death yak simulacrum (Lair:5)
  3 steam dragons
  4 wargs
  7 vampire mosquitoes
  3 acid dragons
  11 water moccasins
  3 swamp worms (Lair:2)
  Duvessa (D:7)
  14 orc warriors
  A swamp drake (Swamp:1)
  4 black bears
  An ice beast (D:7)
  7 ogres
  8 centaurs
  5 wolves (Lair:1)
  2 elephant skeletons (Lair:5)
  2 kobold brigands
  11 bullfrogs
  2 cane toad simulacra (Lair:5)
  2 necrophages
  5 scorpions
  3 wights
  Dowan (D:7)
  10 killer bees
  A tengu zombie (D:15)
  2 electric eels
  7 howler monkeys
  A jelly (D:6)
  5 hounds
  21 orc priests
  A gnoll bouda (D:8)
  4 iguanas
  34 orc wizards
  7 gnolls
  10 adders
  3 white imps
  An ufetubus (D:5)
  A worm (D:2)
  92 orcs
  8 endoplasms
  3 giant cockroaches
  8 goblins
  6 hobgoblins
  7 kobolds
  6 quokkas
  10 ball pythons
  3 bats
  4 frilled lizards
  5 rats
634 creatures vanquished.

Vanquished Creatures (others)
  A howler monkey (D:14)
  An orc (Orc:2)
  39 fungi
  44 plants
  23 withered plants (Lair:5)
108 creatures vanquished.

Grand Total: 742 creatures vanquished

Notes
Turn   | Place    | Note
-------+----------+-------------------------------------------
     0 | D:1      | funnyparkerb the Formicid Monk began the quest for the Orb.
     0 | D:1      | Reached XP level 1. HP: 18/18 MP: 1/1
   304 | D:1      | Reached XP level 2. HP: 24/24 MP: 2/2
   400 | D:1      | Found a faded altar of an unknown god.
   686 | D:1      | Reached skill level 4 in Long Blades
   686 | D:1      | Reached XP level 3. HP: 24/29 MP: 3/3
  1471 | D:2      | Identified the +5 ring mail "Faucw" {rF- rC+ rN+ rCorr}
  1558 | D:2      | Reached XP level 4. HP: 24/35 MP: 4/4
  2185 | D:3      | Reached skill level 5 in Long Blades
  2290 | D:3      | Found a shadowy altar of Dithmenos.
  2302 | D:3      | Reached XP level 5. HP: 39/41 MP: 5/5
  2499 | D:3      | Found an iron altar of Okawaru.
  3039 | D:4      | Reached skill level 6 in Long Blades
  3269 | D:4      | Reached XP level 6. HP: 31/48 MP: 6/6
  3400 | D:4      | Noticed a black bear
  4174 | D:5      | Entered Level 5 of the Dungeon
  4324 | D:5      | Found a runed translucent gate.
  4325 | D:5      | Found a runed translucent gate.
  4325 | D:5      | Noticed RascalDebosk's ghost (novice MiFi)
  4326 | D:5      | Found a runed translucent gate.
  4326 | D:5      | Noticed a two-headed ogre
  4326 | D:5      | Noticed a black bear
  4416 | D:5      | Reached skill level 5 in Fighting
  4416 | D:5      | Reached XP level 7. HP: 26/56 MP: 7/7
  4714 | D:5      | Found a radiant altar of Vehumet.
  5197 | D:4      | Reached XP level 8. HP: 34/65 MP: 8/8
  5832 | D:5      | Noticed Sigmund
  6213 | D:5      | Reached skill level 5 in Dodging
  7119 | D:6      | Reached XP level 9. HP: 66/72 MP: 9/9
  7261 | D:6      | Found a staircase to the Ecumenical Temple.
  7286 | Temple   | Entered the Ecumenical Temple
  7509 | D:3      | Became a worshipper of Warmaster Okawaru
  7509 | D:3      | Reached * piety under Okawaru
  7509 | D:3      | Reached ** piety under Okawaru
  7935 | D:7      | Noticed Maggie
  7974 | D:7      | Noticed Dowan
  7975 | D:7      | Noticed Duvessa
  8481 | D:8      | Reached skill level 1 in Invocations
  8656 | D:8      | Reached skill level 7 in Long Blades
  8748 | D:8      | Found a hide-covered altar of Uskayaw.
  9481 | D:8      | Reached skill level 8 in Long Blades
  9635 | D:8      | Reached *** piety under Okawaru
  9772 | D:8      | Found Kempyek's Self-Improvement Boutique.
  9868 | D:8      | Reached skill level 9 in Long Blades
 10033 | D:7      | Found an ancient bone altar of Kikubaaqudgha.
 10614 | D:8      | Reached XP level 10. HP: 42/79 MP: 11/11
 11023 | D:7      | Reached skill level 10 in Long Blades
 11093 | D:7      | Received a gift from Okawaru
 11305 | D:7      | Reached skill level 11 in Long Blades
 11709 | D:7      | Killed Duvessa
 11714 | D:7      | Killed Dowan
 11939 | D:7      | Reached skill level 12 in Long Blades
 11957 | D:7      | Killed Maggie
 12251 | D:9      | Found a runed translucent door.
 12254 | D:9      | Noticed nshep25's ghost (novice DrCj)
 12385 | D:9      | Found a staircase to the Orcish Mines.
 12746 | D:9      | Noticed a two-headed ogre
 12757 | D:9      | Killed a two-headed ogre
 12757 | D:9      | Reached **** piety under Okawaru
 12758 | D:9      | Reached skill level 13 in Long Blades
 12758 | D:9      | Reached XP level 11. HP: 82/84 MP: 10/12
 12942 | D:9      | Found a glowing golden altar of the Shining One.
 13298 | D:7      | Found a glowing silver altar of Zin.
 13299 | D:7      | Noticed an angel
 13302 | D:7      | Found a shimmering altar of Xom.
 13476 | D:7      | Noticed Prince Ribbit
 13491 | D:7      | Killed Prince Ribbit
 13992 | D:10     | Entered Level 10 of the Dungeon
 14235 | D:9      | Reached skill level 14 in Long Blades
 14355 | D:9      | Reached skill level 1 in Shields
 14953 | D:10     | Identified the +0 chain mail of Cebbant {rPois}
 15247 | D:10     | Found a broken altar of Ashenzari.
 15414 | D:10     | Reached ***** piety under Okawaru
 15669 | D:10     | Received a gift from Okawaru
 16228 | D:11     | Reached skill level 5 in Shields
 16228 | D:11     | Reached skill level 5 in Invocations
 16279 | D:11     | Noticed Gastronok
 16296 | D:11     | Killed Gastronok
 16297 | D:11     | Reached XP level 12. HP: 82/94 MP: 15/15
 16626 | D:11     | Noticed Fannar
 16642 | D:11     | Killed Fannar
 16642 | D:11     | Identified the +3 scimitar "Hoppuifu" {drain, rC+} (Okawaru
                  | gifted it to you on level 11 of the Dungeon)
 16642 | D:11     | Received a gift from Okawaru
 16950 | D:11     | Found a staircase to the Lair.
 17258 | Lair:1   | Entered Level 1 of the Lair of Beasts
 17902 | Lair:1   | Found a hide-covered altar of Uskayaw.
 18490 | Lair:1   | Reached skill level 10 in Fighting
 19235 | Lair:2   | Found a staircase to the Swamp.
 19889 | Lair:2   | Noticed a four-headed hydra
 19898 | Lair:2   | Killed a four-headed hydra
 19898 | Lair:2   | Received a gift from Okawaru
 20428 | Lair:3   | Noticed a four-headed hydra
 20434 | Lair:3   | Killed a one-headed hydra
 20741 | Lair:3   | Reached skill level 10 in Dodging
 20797 | Lair:2   | Reached XP level 13. HP: 93/106 MP: 16/16
 20927 | Lair:3   | Noticed Rupert
 20992 | Lair:3   | Killed Rupert
 20992 | Lair:3   | Received a gift from Okawaru
 21115 | Lair:3   | You fall into a shaft and drop 1 floor!
 21115 | Lair:4   | Noticed Kyusiynim's ghost (journeyman GnEn)
 21115 | Lair:4   | Found a transporter.
 21148 | Lair:4   | Found a transporter.
 21647 | Lair:3   | Found a hole to the Spider Nest.
 21770 | Lair:3   | Identified the +0 pair of gloves of the Secret Demons {rF+
                  | Str-2 Int+2 Dex+4} (Okawaru gifted it to you on level 3 of
                  | the Lair of Beasts)
 21770 | Lair:3   | Received a gift from Okawaru
 22120 | Lair:4   | Noticed a catoblepas
 22414 | Lair:5   | Entered Level 5 of the Lair of Beasts
 22462 | Lair:5   | Noticed a five-headed hydra
 22472 | Lair:5   | Killed a three-headed hydra
 22517 | Lair:5   | Reached XP level 14. HP: 115/115 MP: 19/19
 22863 | Lair:5   | Found a runed translucent door.
 22863 | Lair:5   | Found a viscous altar of Jiyva.
 22876 | Lair:5   | Found a staircase to the Slime Pits.
 22912 | Lair:5   | Noticed a dire elephant
 22912 | Lair:5   | Noticed a dire elephant
 22912 | Lair:5   | Noticed a dire elephant
 22912 | Lair:5   | Noticed a dire elephant
 22934 | Lair:5   | Reached skill level 15 in Long Blades
 23037 | Lair:5   | Killed a dire elephant
 23045 | Lair:5   | Killed a dire elephant
 23334 | Lair:5   | Received a gift from Okawaru
 23626 | Lair:5   | Killed a dire elephant
 23648 | Lair:5   | Killed a dire elephant
 23857 | Lair:5   | Identified the +0 scale mail of the Gate {rN+ Will++ Str+2
                  | Dex-4}
 24597 | D:11     | Reached XP level 15. HP: 124/124 MP: 21/21
 24810 | D:12     | Noticed Josephine
 24848 | D:12     | Killed Josephine
 24848 | D:12     | Received a gift from Okawaru
 24892 | D:12     | You fall into a shaft and drop 2 floors!
 24892 | D:14     | Found Tidon's Jewellery Boutique.
 24972 | D:14     | Reached skill level 16 in Long Blades
 25084 | D:15     | Entered Level 15 of the Dungeon
 25432 | D:13     | Received a gift from Okawaru
 26016 | D:13     | Noticed Maurice
 26025 | D:13     | Killed Maurice
 26296 | D:14     | Found a runed translucent door.
 26460 | D:14     | Found a gate to the Vaults.
 26524 | D:14     | Found Xaasarob's Book Boutique.
 26557 | D:14     | Found Biehadoesch's Weapon Emporium.
 26570 | D:14     | Bought a throwing net for 42 gold pieces
 26872 | D:14     | Received a gift from Okawaru
 27048 | Orc:1    | Entered Level 1 of the Orcish Mines
 27340 | Orc:1    | Reached skill level 15 in Fighting
 27340 | Orc:1    | Reached XP level 16. HP: 136/136 MP: 22/22
 27372 | Orc:1    | Noticed Erica
 27383 | Orc:1    | Killed Erica
 27438 | Orc:1    | Reached skill level 17 in Long Blades
 27972 | Orc:2    | Entered Level 2 of the Orcish Mines
 28240 | Orc:2    | Found a runed translucent door.
 28246 | Orc:2    | Found a shimmering altar of Xom.
 28246 | Orc:2    | Noticed Tsarbomb's ghost (journeyman MfMo)
 28350 | Orc:2    | Found Loun Rubapoz's Distillery.
 28356 | Orc:2    | Bought a potion of curing for 54 gold pieces
 28356 | Orc:2    | Bought a potion of mutation for 144 gold pieces
 28356 | Orc:2    | Bought a potion of invisibility for 144 gold pieces
 28403 | Orc:2    | Found Rebluph's Armour Boutique.
 28411 | Orc:2    | Bought the +6 chain mail "Terr" {rPois Int+7} for 906 gold
                  | pieces
 28475 | Orc:2    | Found a staircase to the Elven Halls.
 28488 | Orc:2    | Found Oweg's Antique Weapon Shop.
 28868 | Orc:2    | Found Vairoargh's Jewellery Shop.
 28895 | Orc:2    | Found a radiant altar of Vehumet.
 28895 | Orc:2    | Noticed Erolcha
 28896 | Abyss:1  | Cast into level 1 of the Abyss (Erolcha)
 28905 | Orc:2    | Escaped the Abyss
 28926 | Orc:2    | Killed Erolcha
 28926 | Orc:2    | Received a gift from Okawaru
 28953 | Orc:2    | Found Iko Acan's Jewellery Shop.
 29018 | Orc:2    | Found an ancient bone altar of Kikubaaqudgha.
 29061 | Orc:2    | Found Icoczif's Antique Armour Boutique.
 29066 | Orc:2    | Found Lavus's Distillery.
 29270 | Orc:2    | Killed Tsarbomb's ghost
 29697 | D:15     | Received a gift from Okawaru
 29711 | D:15     | Found a staircase to the Depths.
 29728 | D:15     | Identified 2 scrolls of acquirement
 29729 | D:15     | Acquired 801 gold pieces
 29928 | Orc:2    | Bought the ring of Inwelis {rElec Str+6 Dex+4 SInv} for
                  | 1001 gold pieces
 30439 | D:15     | Found Xeust's Armour Emporium.
 30908 | Swamp:1  | Entered Level 1 of the Swamp
 30915 | Lair:2   | Reached skill level 18 in Long Blades
 31023 | Swamp:1  | Found a one-way gate to the infinite horrors of the Abyss.
 31035 | Swamp:1  | Noticed Silenth's ghost (adept KoHu)
 31036 | Swamp:1  | Found a transporter.
 31110 | Swamp:1  | Slain by an alligator

Illustrated notes

Levels and vault maps discovered:
D:1:      co_arrival_hall_of_pillars, layout_basic,
          hellmonk_ecumenical_altar_blasted
D:2:      layout_loops_ring
D:3:      layout_basic, kennysheep_okawaru_gauntlet,
          grunt_dithmenos_smoke_and_mirrors
D:4:      layout_loops_ring
D:5:      layout_cave_pods, nicolae_overflow_hidden_temple,
          gammafunk_ghost_split, uniq_sigmund
D:6:      layout_basic, temple_doors_e, grunt_ministairs_12
D:7:      layout_gridville, nicolae_kikubaaqudgha_miasma_corner,
          grunt_temple_overflow_order_and_chaos_1, st_stairs_13,
          minmay_misc_feat_tiny, uniq_prince_ribbit1, uniq_maggie, uniq_duvessa
D:8:      layout_gridville, nicolae_uskayaw_dance_hall, nicolae_shop_self_help
D:9:      layout_basic, tso_oasis_becter, minmay_orc_entry_temple_small,
          hellmonk_ghost_big_iron, kennysheep_cluttered_room
D:10:     minmay_skewed_foursquare, layout_cave_pools, overflow_temple_1_default
D:11:     layout_loops_ring, grunt_lair_entry_orc_guard_hut, uniq_gastronok,
          uniq_fannar
D:12:     layout_big_octagon, uniq_josephine
D:13:     layout_loops_ring, uniq_maurice
D:14:     gammafunk_indiana_jones, layout_basic, david_vaults_4,
          minmay_misc_feat_iff, serial_shops, shop, shop, shop_statue,
          lemuel_nasty_fountain
D:15:     gammafunk_depths_entry_grave, layout_loops_ring, serial_shops,
          nicolae_square_shop, serial_bayou_lagoon_a
Temple:   dshaligram_water_room_temple
Lair:1:   layout_cave_pods, basic_altar, lightli_volcano_entry_magma_tube
Lair:2:   wander_river, layout_misc_corridors,
          nicolae_swamp_entry_splash_gauntlet
Lair:3:   layout_cave_pods, spider_nest_entry_funnel_web, minivault_24,
          uniq_rupert
Lair:4:   layout_misc_corridors, gammafunk_ghost_berserking_beasts,
          grunt_megastairs_2, lemuel_fruit_tree
Lair:5:   due_jungle_book, layout_regular_city, slime_entry_2,
          grunt_megastairs_5
Swamp:1:  layout_basic_swamp, gammafunk_ghost_abyssal_escape,
          evilmike_swamp_ruin_house_3, nzn_swamp_dancing_lights
Swamp:2:  layout_basic_swamp, evilmike_swamp_ruin_house_1, swamp_pool4
Orc:1:    layout_caves, small_statue_alley_c, lightli_orcish_oven, uniq_erica
Orc:2:    kennysheep_orc_mage_school, layout_caves, basic_altar, serial_shops,
          nicolae_shop_temple_entry_statues_fountains,
          nicolae_shop_advertising_works [nicolae_subvault_shop_adworks], shop,
          ebering_ghost_xom

Skill      XL: |  1  2  3  4  5  6  7  8  9 10 11 12 13 14 15 16 |
---------------+-------------------------------------------------+-----
Long Blades    | 4 5 6 9 13 14 15 16 18 | 18.2
Fighting       | 5 6 7 8 11 12 13 15 | 15.8
Dodging        | 3 4 7 8 10 12 13 14 | 14.0
Invocations    | 2 5 7 8 |  8.0
Shields        | 5 8 9 |  9.0
Stealth        | |  2.4

Action                   |  1- 3 |  4- 6 |  7- 9 | 10-12 | 13-15 | 16-18 || total
-------------------------+-------+-------+-------+-------+-------+-------++-------
Melee: Falchion          |    83 |   123 |       |       |       |       ||   206
       Punch             |       |     3 |     4 |     4 |       |       ||    11
       Long sword        |       |    59 |   367 |   230 |       |       ||   656
       Scimitar          |       |       |       |   131 |       |       ||   131
       Triple sword      |       |       |       |   191 |   716 |   381 ||  1288
       Great sword       |       |       |       |    22 |   185 |       ||   207
       Morningstar       |       |       |       |     8 |       |       ||     8
Throw: Dart              |       |     2 |    31 |     8 |       |       ||    41
       Boomerang         |       |       |     8 |       |       |       ||     8
Invok: Heroism           |       |       |       |    11 |    14 |     5 ||    30
       Finesse           |       |       |       |     1 |     9 |     2 ||    12
 Abil: Dig               |       |     2 |       |       |       |       ||     2
Evoke: Wand              |       |       |     1 |    26 |     5 |       ||    32
  Use: Scroll            |       |       |    12 |    13 |       |     4 ||    29
       Potion            |       |       |     4 |     4 |     4 |     4 ||    16
 Stab: Sleeping          |     2 |       |     2 |     2 |     6 |       ||    12
       Distracted        |       |       |     2 |     1 |     2 |       ||     5
       Petrified         |       |       |       |       |     4 |       ||     4
       Invisible         |       |       |       |       |       |     2 ||     2
Armor: Leather armour    |     9 |       |       |       |       |       ||     9
       Robe              |     1 |       |       |       |       |       ||     1
       Chain mail        |    12 |       |     6 |    30 |       |    59 ||   107
       Ring mail         |     7 |    83 |   211 |   117 |   134 |    19 ||   571
       Skin              |       |       |       |    18 |     1 |       ||    19
Dodge: Dodged            |    34 |   113 |   356 |   435 |   759 |   233 ||  1930
Block: Buckler           |       |       |       |   200 |    98 |       ||   298
       Kite shield       |       |       |       |       |   529 |   337 ||   866
       Reflection        |       |       |       |       |    16 |    12 ||    28
